 Seeded DCSS version 0.29-a0-96-g93358da72b (webtiles) character file.

Game seed: 8896313398491821788 (custom seed)

37 innerfire433 the Ducker (level 3, -1/30 HPs)
             Began as a Djinni Monk on Feb 10, 2022.
             Slain by a jackal (3 damage)
             ... on level 2 of the Dungeon.
             The game lasted 00:02:06 (674 turns).

innerfire433 the Ducker (Djinni Monk)                Turns: 674, Time: 00:02:07

Health: -1/30      AC:  2    Str: 12    XL:     3   Next: 60%
Gold:   31         EV: 13    Int: 11    God:
                   SH:  0    Dex: 15

rFire   + + .      SeeInvis .   a - +0 spear (drain)
rCold   x . .      Faith    .   (no shield)
rNeg    . . .      Spirit   .   b - +0 robe
rPois   ∞          Reflect  .   (no helmet)
rElec   .          Harm     .   (no cloak)
rCorr   .          Rampage  .   (no gloves)
Will    .....                   (boots unavailable)
Stlth   ++........              (no amulet)
HPRegen 0.10/turn               (no ring)
MPRegen 0.00/turn               (no ring)

@: flying
A: sickness immunity, fire resistance 2, cold vulnerability 1, float, innate
caster, HP casting, extra vitality 1
a: no special abilities


You were on level 2 of the Dungeon.
You visited 1 branch of the dungeon, and saw 2 of its levels.

You collected 31 gold pieces.

Inventory:

Hand Weapons
 a - a +0 spear of draining (weapon)
Armour
 b - a +0 robe (worn)
Scrolls
 c - a scroll of immolation {unknown}
 e - a scroll of torment {unknown}
 f - a scroll of amnesia {unknown}
Potions
 d - 2 potions of curing {unknown}


   Skills:
 - Level 3.0 Fighting
 * Level 3.2 Polearms
 - Level 3.2 Dodging
 - Level 1.5 Stealth
 + Level 1.0 Spellcasting


You had 3 spell levels left.
You knew the following spells:

 Your Spells              Type           Power      Damage    Failure   Level
a - Freeze                Ice            8%         1d3       21%         1
Your spell library was empty.

Dungeon Overview and Level Annotations

Branches:
Dungeon (2/15)

Altars:


Innate Abilities, Weirdness & Mutations

You are immune to sickness and miasma.
You are immune to poison.
Your flesh is very heat resistant. (rF++)
You are vulnerable to cold. (rC-)
You float through the air rather than walking.
You learn spells naturally, not from books.
Your magical power is your life essence.
You have superior vitality. (+4 MHP)


Message History

The jackal is almost dead.
The jackal closely misses you. The jackal barely misses you.
The jackal closely misses you. The jackal barely misses you.
You barely miss the jackal.
The jackal is almost dead.
The jackal bites you. The jackal barely misses you.
You hit the jackal.
You kill the jackal!
The jackal barely misses you.
You hit the jackal but do no damage. You drain the jackal.
You kill the jackal!
The jackal bites you but does no damage. x2
You hit the quokka.
The quokka is heavily wounded.
The quokka misses you. The jackal closely misses you. The quokka bites you.
* * * LOW HITPOINT WARNING * * *
You hit the quokka but do no damage.
The quokka is heavily wounded.
The jackal closely misses you. The quokka barely misses you.
You hit the quokka.
The quokka is severely wounded.
The jackal bites you but does no damage.
The quokka misses you.
You hit the quokka.
You kill the quokka!
The jackal bites you.
* * * LOW HITPOINT WARNING * * *
The jackal barely misses you. The jackal bites you.
* * * LOW HITPOINT WARNING * * *
You barely miss the jackal.
The jackal is moderately wounded.
The jackal bites you.
* * * LOW HITPOINT WARNING * * *
You hit the jackal but do no damage.
The jackal is moderately wounded.
The jackal bites you.
* * * LOW HITPOINT WARNING * * *
The jackal bites you.
You die...

.. ..#.#.#.#.##
... ..........#
.$##.#.#.#.#
.........
##)#†#.#.###
#..[......$#
##)#†#.#.#.#
####†##.###
#######.....h@#
#....†..##.####
.###........#.#
......#####.#.#
#####.#####.#.#
#.#.......#
#.#...#.###
#.#...#.#
#..<....#


You could see a jackal (drained).

Vanquished Creatures
  A ball python (D:2)
  5 endoplasms (D:1)
  4 goblins
  4 hobgoblins
  2 jackals (D:2)
  3 kobolds (D:1)
  3 quokkas
  3 frilled lizards
  8 rats
33 creatures vanquished.

Notes
Turn   | Place    | Note
-------+----------+-------------------------------------------
     0 | D:1      | innerfire433 the Djinni Monk began the quest for the Orb.
     0 | D:1      | Reached XP level 1. HP: 20/20 MP: 0/0
     3 | D:1      | Noticed a minotaur skeleton
     5 | D:1      | Noticed a vampire
     9 | D:1      | Noticed a demonspawn zombie
    15 | D:1      | Noticed a human
   159 | D:1      | Reached XP level 2. HP: 25/25 MP: 0/0
   328 | D:1      | Reached XP level 3. HP: 24/30 MP: 0/0
   328 | D:1      | Learned a level 1 spell: Freeze
   623 | D:2      | Reached skill level 1 in Spellcasting
   674 | D:2      | Slain by a jackal

Illustrated notes

Levels and vault maps discovered:
D:1:      shiori_arrival_whats_in_store_for_you, layout_rooms,
          chequers_serial_rivers_room_a
D:2:      layout_loops_cross, dreamdust_ecumenical_altar_drowned_temple,
          nrook_campfire, st_stairs_9, kennysheep_boxes

Skill      XL: |  1  2  3 |
---------------+----------+-----
Polearms       | 3 |  3.2
Spellcasting   | 1 |  1.0
Fighting       | |  3.0
Dodging        | |  3.2
Stealth        | |  1.5

Action                   || total
-------------------------++-------
Melee: Spear             ||    89
  Use: Scroll            ||     1
 Stab: Sleeping          ||     4
Armor: Robe              ||    12
Dodge: Dodged            ||    53

Table legend: (Time is in decaauts)
 A = Elapsed time spent in this place.
 B = Non-inter-level travel time spent in this place.
 C = Inter-level travel time spent in this place.
 D = Time resting spent in this place.
 E = Time spent auto-exploring this place.
 F = Levels seen in this place.
 G = Mean time per level.
                   A        B        C        D        E       F      G
               +--------+--------+--------+--------+--------+-----+--------+
         Total |    670 |    670 |      0 |      0 |    468 |   2 |  335.0 |
       Dungeon |    670 |    670 |      0 |      0 |    468 |   2 |  335.0 |
               +--------+--------+--------+--------+--------+-----+--------+

Top non-repeatable levels by time:
     D:1: 592 daAuts
     D:2: 77 daAuts
